TOP OF THE 1ST |
Casper Ghosts batting - Pitching for Barton Springs Blues : RHP Brian Patterson
|
Pitching: RHP Brian Patterson
|
|
Batting: RHB Red Greene
|
0-0: Ball 1-0: Swinging Strike 1-1: Swinging Strike 1-2: Ball 2-2: Ball 3-2: Base on Balls
|
Batting: RHB Luis Colmenaris
|
0-0: Called Strike 0-1: Ball 1-1: Ball 2-1: Fly out, F3 (Line Drive, 3, EV 63.8 MPH)
|
Batting: RHB Ed Butler
|
0-0: Ball 1-0: Swinging Strike 1-1: Ball 2-1: Ball 3-1: Fielders Choice at 2nd, 3-6 (Groundball, 34, EV 81.2 MPH)
|
Batting: LHB James Moya
|
0-0: Called Strike 0-1: Foul Ball, location: 2F 0-2: Strikes out swinging
|
Top of the 1st over - 0 runs, 0 hits, 0 errors, 1 left on base; Casper 0 - Barton Springs 0 |
BOTTOM OF THE 1ST |
Barton Springs Blues batting - Pitching for Casper Ghosts : LHP Luis Ornelas
|
Pitching: LHP Luis Ornelas
|
|
Batting: RHB Dave Reynolds
|
0-0: Foul Ball, location: 2F 0-1: SINGLE (Line Drive, 3D, EV 105.6 MPH)
|
Batting: RHB Ed Haynes
|
0-0: Called Strike 0-1: Foul Ball, location: 2F 0-2: Ball 1-2: Ball 2-2: Strikes out swinging
|
Batting: RHB Truman Posner
|
0-0: Ball 1-0: Called Strike 1-1: Ball 2-1: Foul Ball, location: 2F 2-2: Ball 3-2: Foul Ball, location: 2F 3-2: Base on Balls Dave Reynolds to second
|
Batting: RHB Eric Compton
|
0-0: Fly out, F8 (Line Drive, 8LM, EV 96.2 MPH)
|
Batting: RHB Jason Wilson
|
0-0: Fly out, F9 (Flyball, 9, EV 91.2 MPH)
|
Bottom of the 1st over - 0 runs, 1 hit, 0 errors, 2 left on base; Casper 0 - Barton Springs 0 |
TOP OF THE 2ND |
Casper Ghosts batting - Pitching for Barton Springs Blues : RHP Brian Patterson
|
Batting: RHB Luis Rey
|
0-0: Called Strike 0-1: Called Strike 0-2: Ball 1-2: Strikes out swinging
|
Batting: SHB Clive Edney
|
0-0: Ball 1-0: Ground out 4-3 (Groundball, 4, EV 88.8 MPH)
|
Batting: RHB Thiago Cicerón
|
0-0: Called Strike 0-1: Ball 1-1: Swinging Strike 1-2: SOLO HOME RUN (Flyball, 7D, EV 101.9 MPH), Distance : 387 ft
|
Batting: RHB Ramón Rodríguez
|
0-0: Ground out 5-3 (Groundball, 56S, EV 84.4 MPH)
|
Top of the 2nd over - 1 run, 1 hit, 0 errors, 0 left on base; Casper 1 - Barton Springs 0 |
BOTTOM OF THE 2ND |
Barton Springs Blues batting - Pitching for Casper Ghosts : LHP Luis Ornelas
|
Batting: RHB Rick Pawlowicz
|
0-0: Ball 1-0: Ball 2-0: Ball 3-0: Called Strike 3-1: Base on Balls
|
Batting: RHB Alfonso Ramos
|
0-0: Swinging Strike 0-1: Ball 1-1: Ball 2-1: Ball 3-1: Base on Balls Rick Pawlowicz to second
|
Batting: RHB Denny Wolfe
|
0-0: Called Strike 0-1: Ball 1-1: Ball 2-1: Foul Ball, location: 2F 2-2: Ball 3-2: Fly out, F4 (Flyball, 4D, EV 89.4 MPH)
|
Batting: RHB José González
|
0-0: Called Strike 0-1: Called Strike 0-2: Ball 1-2: Ball 2-2: Strikes out looking
|
Batting: RHB Dave Reynolds
|
0-0: Ball 1-0: Fielders Choice at 2nd, 5-4 (Groundball, 5, EV 103.8 MPH)
|
Bottom of the 2nd over - 0 runs, 0 hits, 0 errors, 2 left on base; Casper 1 - Barton Springs 0 |
TOP OF THE 3RD |
Casper Ghosts batting - Pitching for Barton Springs Blues : RHP Brian Patterson
|
Batting: LHB Sozui Amano
|
0-0: Ball 1-0: Ball 2-0: Fly out, F9 (Line Drive, 9, EV 93.8 MPH)
|
Batting: RHB Red Greene
|
0-0: Called Strike 0-1: Fly out, F5 (Popup, 25F, EV 87.5 MPH)
|
Batting: RHB Luis Colmenaris
|
0-0: Called Strike 0-1: Ball 1-1: Ball 2-1: Swinging Strike 2-2: Ground out 5-3 (Groundball, 56, EV 90.6 MPH)
|
Top of the 3rd over - 0 runs, 0 hits, 0 errors, 0 left on base; Casper 1 - Barton Springs 0 |
BOTTOM OF THE 3RD |
Barton Springs Blues batting - Pitching for Casper Ghosts : LHP Luis Ornelas
|
Batting: RHB Ed Haynes
|
0-0: Ball 1-0: Ball 2-0: Ball 3-0: Called Strike 3-1: Ground out 5-3 (Groundball, 5L, EV 95.0 MPH)
|
Batting: RHB Truman Posner
|
0-0: Called Strike 0-1: Fly out, F8 (Line Drive, 8LD, EV 90.0 MPH)
|
Batting: RHB Eric Compton
|
0-0: Ball 1-0: Ball 2-0: Ball 3-0: Called Strike 3-1: Base on Balls
|
Batting: RHB Jason Wilson
|
0-0: Ball 1-0: Ball 2-0: Ball 3-0: Foul Ball, location: 2F 3-1: SINGLE (Line Drive, 9S, EV 98.8 MPH) Eric Compton to second Runner from 2nd tries for 3rd, SAFE, throw by RF made to third
|
Batting: RHB Rick Pawlowicz
|
0-0: Swinging Strike 0-1: Ball 1-1: Ball 2-1: Foul Ball, location: 2F 2-2: Strikes out swinging
|
Bottom of the 3rd over - 0 runs, 1 hit, 0 errors, 2 left on base; Casper 1 - Barton Springs 0 |
TOP OF THE 4TH |
Casper Ghosts batting - Pitching for Barton Springs Blues : RHP Brian Patterson
|
Batting: RHB Ed Butler
|
0-0: Ball 1-0: Foul Ball, location: 2F 1-1: Ball 2-1: Ground out 6-3 (Groundball, 4MD, EV 101.2 MPH)
|
Batting: LHB James Moya
|
0-0: Ball 1-0: Ball 2-0: Ball 3-0: Base on Balls
|
Batting: RHB Luis Rey
|
0-0: Ball 1-0: Foul Ball, location: 2F 1-1: Foul Ball, location: 2F 1-2: Foul Ball, location: 2F 1-2: Strikes out swinging
|
Batting: SHB Clive Edney
|
0-0: Ball 1-0: Ball 2-0: Called Strike 2-1: Ball 3-1: Foul Ball, location: 2F 3-2: Foul Ball, location: 2F 3-2: Ground out 4-3 (Groundball, 4, EV 102.5 MPH)
|
Top of the 4th over - 0 runs, 0 hits, 0 errors, 1 left on base; Casper 1 - Barton Springs 0 |
BOTTOM OF THE 4TH |
Barton Springs Blues batting - Pitching for Casper Ghosts : LHP Luis Ornelas
|
Batting: RHB Alfonso Ramos
|
0-0: Called Strike 0-1: Ball 1-1: Ball 2-1: Swinging Strike 2-2: Ball 3-2: Strikes out swinging
|
Batting: RHB Denny Wolfe
|
0-0: Ball 1-0: Ball 2-0: Ball 3-0: Called Strike 3-1: SINGLE (Line Drive, 3D, EV 98.1 MPH)
|
Batting: RHB José González
|
0-0: Foul Ball, location: 2F 0-1: Ball 1-1: Grounds into double play, 6-4-3 (Groundball, 6, EV 91.2 MPH)
|
Bottom of the 4th over - 0 runs, 1 hit, 0 errors, 0 left on base; Casper 1 - Barton Springs 0 |
TOP OF THE 5TH |
Casper Ghosts batting - Pitching for Barton Springs Blues : RHP Brian Patterson
|
Batting: RHB Thiago Cicerón
|
0-0: Ball 1-0: Swinging Strike 1-1: Called Strike 1-2: Ball 2-2: Strikes out swinging
|
Batting: RHB Ramón Rodríguez
|
0-0: Called Strike 0-1: Foul Ball, location: 2F 0-2: Ball 1-2: Ball 2-2: Fly out, F8 (Line Drive, 8RM, EV 100.6 MPH)
|
Batting: LHB Sozui Amano
|
0-0: SOLO HOME RUN (Flyball, 9LD, EV 93.1 MPH), Distance : 337 ft
|
Batting: RHB Red Greene
|
0-0: Called Strike 0-1: Called Strike 0-2: Fly out, F7 (Line Drive, 78M, EV 92.5 MPH)
|
Top of the 5th over - 1 run, 1 hit, 0 errors, 0 left on base; Casper 2 - Barton Springs 0 |
BOTTOM OF THE 5TH |
Barton Springs Blues batting - Pitching for Casper Ghosts : LHP Luis Ornelas
|
Batting: RHB Dave Reynolds
|
0-0: Ball 1-0: Ball 2-0: Ball 3-0: Called Strike 3-1: Base on Balls
|
Batting: RHB Ed Haynes
|
0-0: Ball 1-0: Bunt missed! 1-1: Ball 2-1: Sac Bunt to 15S - play at first, batter OUT! 1-4 Dave Reynolds to second
|
Batting: RHB Truman Posner
|
0-0: Ball 1-0: Ball 2-0: Foul Ball, location: 2F 2-1: Fly out, F9 (Flyball, 9S, EV 85.0 MPH)
|
Batting: RHB Eric Compton
|
0-0: Ball 1-0: Swinging Strike 1-1: Swinging Strike 1-2: Ball 2-2: SINGLE (Groundball, 6MD, EV 95.6 MPH) Dave Reynolds to third Runner from 3rd tries for Home, SAFE, throw by CF to home Eric Compton to second
|
Batting: RHB Jason Wilson
|
0-0: Ball 1-0: Called Strike 1-1: Called Strike 1-2: Ball 2-2: Ball 3-2: DOUBLE (Line Drive, 89M, EV 100.0 MPH) Eric Compton scores
|
Batting: RHB Rick Pawlowicz
|
0-0: Ground out 6-3 (Groundball, 6, EV 86.9 MPH)
|
Bottom of the 5th over - 2 runs, 2 hits, 0 errors, 1 left on base; Casper 2 - Barton Springs 2 |
TOP OF THE 6TH |
Casper Ghosts batting - Pitching for Barton Springs Blues : RHP Brian Patterson
|
Batting: RHB Luis Colmenaris
|
0-0: Called Strike 0-1: Called Strike 0-2: Strikes out swinging
|
Batting: RHB Ed Butler
|
0-0: Ball 1-0: Called Strike 1-1: Swinging Strike 1-2: SINGLE (Line Drive, 4D, EV 105.6 MPH)
|
Batting: LHB James Moya
|
0-0: Ball 1-0: Swinging Strike 1-1: Swinging Strike 1-2: Foul Ball, location: 2F 1-2: Ball 2-2: Ball 3-2: SINGLE (Groundball, 34D, EV 97.5 MPH) Ed Butler to second Runner from 2nd tries for 3rd, SAFE, throw by RF made to third
|
Batting: RHB Luis Rey
|
0-0: Foul Ball, location: 2F 0-1: Swinging Strike 0-2: Strikes out swinging
|
Batting: SHB Clive Edney
|
0-0: DOUBLE (Line Drive, 7LM, EV 105.0 MPH) Ed Butler scores James Moya to third Runner from 3rd tries for Home, SAFE, no throw by LF
|
Batting: RHB Thiago Cicerón
|
0-0: Called Strike 0-1: Ground out 6-3 (Groundball, 6, EV 85.6 MPH)
|
Top of the 6th over - 2 runs, 3 hits, 0 errors, 1 left on base; Casper 4 - Barton Springs 2 |
BOTTOM OF THE 6TH |
Barton Springs Blues batting - Pitching for Casper Ghosts : LHP Luis Ornelas
|
Pitching: RHP Luis Rodríguez
|
|
Batting: RHB Alfonso Ramos
|
0-0: Foul Ball, location: 2F 0-1: Ball 1-1: Called Strike 1-2: Strikes out swinging
|
Batting: RHB Denny Wolfe
|
0-0: Foul Ball, location: 2F 0-1: Ball 1-1: Ball 2-1: Foul Ball, location: 2F 2-2: Ball 3-2: Strikes out swinging
|
Batting: RHB José González
|
0-0: Called Strike 0-1: Swinging Strike 0-2: Ball 1-2: Ball 2-2: Foul Ball, location: 2F 2-2: Strikes out swinging
|
Bottom of the 6th over - 0 runs, 0 hits, 0 errors, 0 left on base; Casper 4 - Barton Springs 2 |
TOP OF THE 7TH |
Casper Ghosts batting - Pitching for Barton Springs Blues : RHP Brian Patterson
|
Batting: RHB Ramón Rodríguez
|
0-0: Called Strike 0-1: Foul Ball, location: 2F 0-2: DOUBLE (Groundball, 5L, EV 109.4 MPH)
|
Batting: LHB Sozui Amano
|
0-0: Called Strike 0-1: Called Strike 0-2: Ball 1-2: Ball 2-2: Fly out, F8 (Flyball, 8LD, EV 91.9 MPH)
|
Batting: RHB Red Greene
|
0-0: Swinging Strike 0-1: Swinging Strike 0-2: Strikes out looking
|
Pitching: RHP Danny Kas
|
|
Pinch Hitting: LHB Diego Alejandro Ureña
|
0-0: Ground out U3 (Groundball, 3, EV 88.1 MPH)
|
Top of the 7th over - 0 runs, 1 hit, 0 errors, 1 left on base; Casper 4 - Barton Springs 2 |
BOTTOM OF THE 7TH |
Barton Springs Blues batting - Pitching for Casper Ghosts : RHP Luis Rodríguez
|
Now at 2B: Ron Jackson
|
|
Batting: RHB Dave Reynolds
|
0-0: Called Strike 0-1: Ground out 4-3 (Groundball, 4M, EV 108.1 MPH)
|
Batting: RHB Ed Haynes
|
0-0: Called Strike 0-1: Ball 1-1: Foul Ball, location: 2F 1-2: Strikes out swinging
|
Batting: RHB Truman Posner
|
0-0: Ball 1-0: Ground out 1-3 (Groundball, 34S, EV 66.2 MPH)
|
Bottom of the 7th over - 0 runs, 0 hits, 0 errors, 0 left on base; Casper 4 - Barton Springs 2 |
TOP OF THE 8TH |
Casper Ghosts batting - Pitching for Barton Springs Blues : RHP Danny Kas
|
Batting: RHB Ed Butler
|
0-0: Foul Ball, location: 2F 0-1: Foul Ball, location: 2F 0-2: Strikes out swinging
|
Batting: LHB James Moya
|
0-0: Ball 1-0: Ball 2-0: Foul Ball, location: 2F 2-1: Ball 3-1: Foul Ball, location: 2F 3-2: Foul Ball, location: 2F 3-2: SINGLE (Line Drive, 7LS, EV 107.5 MPH)
|
Batting: RHB Luis Rey
|
0-0: Called Strike 0-1: Swinging Strike 0-2: Strikes out swinging
|
Batting: SHB Clive Edney
|
0-0: Ball 1-0: Foul Ball, location: 2F 1-1: Fly out, F7 (Flyball, 7, EV 96.9 MPH)
|
Top of the 8th over - 0 runs, 1 hit, 0 errors, 1 left on base; Casper 4 - Barton Springs 2 |
BOTTOM OF THE 8TH |
Barton Springs Blues batting - Pitching for Casper Ghosts : RHP Luis Rodríguez
|
Now in RF: Bernard Cornwell
|
|
Batting: RHB Eric Compton
|
0-0: Called Strike 0-1: Reached on error, E1 (Groundball, P, EV 68.8 MPH)
|
Batting: RHB Jason Wilson
|
0-0: Fly out, F4 (Popup, 4S, EV 81.9 MPH)
|
Batting: RHB Rick Pawlowicz
|
0-0: Called Strike 0-1: Swinging Strike 0-2: Ball 1-2: Ball 2-2: Foul Ball, location: 2F 2-2: Strikes out looking
|
Batting: RHB Alfonso Ramos
|
0-0: Ball 1-0: Ball 2-0: Called Strike 2-1: Swinging Strike 2-2: Strikes out looking
|
Bottom of the 8th over - 0 runs, 0 hits, 1 error, 1 left on base; Casper 4 - Barton Springs 2 |
TOP OF THE 9TH |
Casper Ghosts batting - Pitching for Barton Springs Blues : RHP Danny Kas
|
Batting: RHB Thiago Cicerón
|
0-0: Ball 1-0: Ball 2-0: Fly out, F9 (Line Drive, 9, EV 89.4 MPH)
|
Batting: RHB Ramón Rodríguez
|
0-0: Called Strike 0-1: Ball 1-1: Foul Ball, location: 2F 1-2: Ball 2-2: Ball 3-2: Strikes out swinging, 2-3 out at first.
|
Batting: LHB Sozui Amano
|
0-0: Ball 1-0: Called Strike 1-1: Ball 2-1: Called Strike 2-2: Strikes out swinging
|
Top of the 9th over - 0 runs, 0 hits, 0 errors, 0 left on base; Casper 4 - Barton Springs 2 |
BOTTOM OF THE 9TH |
Barton Springs Blues batting - Pitching for Casper Ghosts : RHP Luis Rodríguez
|
Pitching: RHP Fernando Gonzáles
|
|
Batting: RHB Denny Wolfe
|
0-0: Ball 1-0: Called Strike 1-1: Called Strike 1-2: Foul Ball, location: 2F 1-2: Ball 2-2: Foul Ball, location: 2F 2-2: Ground out 4-3 (Groundball, 4, EV 83.1 MPH)
|
Pinch Hitting: LHB Man-su Sin
|
0-0: SINGLE (Groundball, 4MD, EV 105.6 MPH)
|
Batting: RHB Dave Reynolds
|
0-0: Ball 1-0: Swinging Strike 1-1: Ball 2-1: Foul Ball, location: 2F 2-2: Ball 3-2: Grounds into double play, 4-6-3 (Groundball, 4, EV 108.1 MPH)
|
Bottom of the 9th over - 0 runs, 1 hit, 0 errors, 0 left on base; Casper 4 - Barton Springs 2 |
|